 Dungeon Crawl Stone Soup version 0.26-a0-597-gb535b0901c (webtiles) character file.

Game seed: 6436015464499257205

290 Flugslaktarn the Chopper (level 6, -1/57 HPs)
             Began as a Deep Dwarf Monk on Sept 14, 2020.
             Was a Believer of Okawaru.
             Slain by an orc warrior
             ... wielding a +0 war axe
              (18 damage)
             ... on level 4 of the Dungeon.
             The game lasted 00:02:55 (2627 turns).

Flugslaktarn the Chopper (Deep Dwarf Monk)          Turns: 2627, Time: 00:02:55

Health: -1/57      AC:  9    Str: 17    XL:     6   Next: 9%
Magic:  4/4        EV:  8    Int: 10    God:    Okawaru [**....]
Gold:   243        SH:  3    Dex: 15    Spells: 5/5 levels left

rFire    + . .     SeeInvis .   a - +0 hand axe
rCold    + . .     Faith    .   s - +0 buckler
rNeg     . . .     Spirit   .   k - +0 chain mail
rPois    +         Reflect  .   (no helmet)
rElec    +         Harm     .   j - scarf {shadows}
rCorr    +                      (no gloves)
MR       +....                  n - +0 pair of boots
Stlth    ..........             t - amulet of inaccuracy (curse)
HPRegen  0.00/turn              m - ring of protection from magic
MPRegen  0.09/turn              (no ring)

@: brilliant, resistant, flying, non-regenerating
A: damage resistance, heal wounds, blurry vision 1, sense surroundings 1,
MP-powered wands, no regeneration
a: Heal Wounds, Heroism, Renounce Religion


You were on level 4 of the Dungeon.
You worshipped Okawaru.
Okawaru was pleased with you.
You visited 1 branch of the dungeon, and saw 4 of its levels.

You collected 243 gold pieces.

Inventory:

Hand Weapons
 a - a +0 hand axe (weapon)
Armour
 j - a scarf of shadows (worn)
   (You found it on level 1 of the Dungeon)
 k - a +0 chain mail (worn)
   (You found it on level 1 of the Dungeon)
 n - a +0 pair of boots (worn)
   (You found it on level 3 of the Dungeon)
 s - a +0 buckler (worn)
   (You found it on level 3 of the Dungeon)
Jewellery
 m - a ring of protection from magic (left hand)
   (You found it on level 4 of the Dungeon)
 t - a cursed amulet of inaccuracy (around neck)
   (You found it on level 3 of the Dungeon)
Scrolls
 b - a scroll of fog
 z - a scroll of blinking
Potions
 o - 3 potions of mutation
 u - a potion of stabbing {unknown}


   Skills:
 * Level 4.2 Fighting
 * Level 5.0 Axes
 + Level 2.4 Armour
 + Level 4.3 Dodging
 - Level 2.4 Stealth


You had 5 spell levels left.
You didn't know any spells.
Your spell library was empty.

Dungeon Overview and Level Annotations

Branches:
Dungeon (4/15)
 Temple: D:4-7

Altars:
Ashenzari
Okawaru


Innate Abilities, Weirdness & Mutations

You are resistant to damage.
You can heal yourself by infusing magical energy.
You passively map a small area around you.
You do not regenerate.
Scrolls take you a little longer to read.
You expend magic power (3 MP) to strengthen your wands.


Message History

You block the orc wizard's attack. You block the orc warrior's attack.
You aren't carrying any items that you can evoke.
Unknown command.
It was a potion of magic.
Magic courses through your body.
The orc wizard hits you but does no damage.
It was a potion of cancellation.
You feel magically purged.
It was a potion of resistance.
You feel protected. You block the orc warrior's attack.
It was a potion of brilliance.
You feel clever all of a sudden.
The orc warrior hits you with a +0 war axe!
It was a potion of flight.
You feel very buoyant.
You fly up into the air.
The orc warrior hits you with a +0 war axe!!
* * * LOW HITPOINT WARNING * * *
You feel much better.
The orc warrior hits you with a +0 war axe!!
You die...

*#..........# ,
#.###......# , .
*
,..##.[........#
*, . ,
.....##.......# .
..............###
#
.....##...#.....
.## * ..##.
##......... ...
*#.###=.#.#....
...
#.@ooo†..<...# *
## ,
#####o...?....
... , #.......##
.## ** #$........
,, , , ........##
** * ##.#.......
, # #.########*
,. ,*


You could see an orc warrior and 3 orc wizards.

Vanquished Creatures
  An orc priest (D:3)
  2 orc wizards (D:3)
  8 adders
  2 worms
  3 dart slugs
  3 leopard geckos
  16 orcs
  2 ball pythons
  7 bats
  5 giant cockroaches
  12 goblins
  6 hobgoblins
  9 jackals
  5 quokkas
  6 frilled lizards
  7 kobolds
  4 rats
98 creatures vanquished.

Notes
Turn   | Place    | Note
-------+----------+-------------------------------------------
     0 | D:1      | Flugslaktarn the Deep Dwarf Monk began the quest for the
                  | Orb.
     0 | D:1      | Reached XP level 1. HP: 20/20 MP: 1/1
    56 | D:1      | Reached XP level 2. HP: 21/27 MP: 2/2
   268 | D:1      | Reached skill level 1 in Armour
   412 | D:1      | Reached XP level 3. HP: 28/34 MP: 0/3
   826 | D:2      | Found a shattered altar of Ashenzari.
   859 | D:2      | Reached skill level 4 in Axes
  1528 | D:3      | Reached XP level 4. HP: 42/42 MP: 4/4
  1818 | D:3      | Reached XP level 5. HP: 47/50 MP: 4/4
  2190 | D:3      | Reached skill level 5 in Axes
  2430 | D:3      | Reached XP level 6. HP: 33/57 MP: 4/4
  2472 | D:4      | Found an iron altar of Okawaru.
  2499 | D:4      | Became a worshipper of Warmaster Okawaru
  2499 | D:4      | Reached * piety under Okawaru
  2499 | D:4      | Reached ** piety under Okawaru
  2601 | D:4      | Noticed an orc warrior
  2615 | D:4      | Gained mutation: Scrolls take you a little longer to read.
                  | [potion of mutation]
  2615 | D:4      | Gained mutation: You expend magic power (3 MP) to
                  | strengthen your wands. [potion of mutation]
  2626 | D:4      | HP: 1/57 [orc warrior/+0 war axe (17)]
  2627 | D:4      | Slain by an orc warrior

Illustrated notes

Levels and vault maps discovered:
D:1:      dpeg_arrival_refuge, layout_rooms
D:2:      layout_loops_cross, evilmike_ruin_ashenzari
D:3:      minmay_thinvault, layout_loops_ring, minmay_pentangle
D:4:      layout_loops_ring, minmay_temple_entry_proselytizer,
          okawaru_ov_weapons_minmay

Skill      XL: |  1  2  3  4  5 |
---------------+----------------+-----
Fighting       | 3 4 |  4.2
Armour         | 1 2 |  2.4
Axes           | 4 5 |  5.0
Dodging        | 4 |  4.3
Stealth        | |  2.4

Action                   |  1- 3 |  4- 6 || total
-------------------------+-------+-------++-------
Melee: Hand axe          |   158 |   289 ||   447
 Abil: Heal Wounds       |     2 |     5 ||     7
  Use: Scroll            |     3 |     5 ||     8
       Potion            |       |     8 ||     8
 Stab: Sleeping          |     1 |       ||     1
Armor: Robe              |    17 |       ||    17
       Chain mail        |    60 |   172 ||   232
Dodge: Dodged            |   111 |   107 ||   218
Block: Buckler           |       |    40 ||    40

Table legend: (Time is in decaauts)
 A = Elapsed time spent in this place.
 B = Non-inter-level travel time spent in this place.
 C = Inter-level travel time spent in this place.
 D = Time resting spent in this place.
 E = Time spent auto-exploring this place.
 F = Levels seen in this place.
 G = Mean time per level.
                   A        B        C        D        E       F      G
               +--------+--------+--------+--------+--------+-----+--------+
         Total |   2664 |   2569 |     95 |      0 |   1725 |   4 |  666.0 |
       Dungeon |   2664 |   2569 |     95 |      0 |   1725 |   4 |  666.0 |
               +--------+--------+--------+--------+--------+-----+--------+

Top non-repeatable levels by time:
     D:3: 1169 daAuts
     D:2: 727 daAuts
     D:1: 598 daAuts
     D:4: 168 daAuts
